Maroons vs Blackhawks

Created - 8 novembre 2019 at 21:01

Goals
1 2 3 T
Maroons 2 0 0 2
Blackhawks 0 3 0 3
Shots
1 2 3 T
Maroons 10 10 10 30
Blackhawks 15 20 8 43

1st period

1. Maroons , Bo Horvat 9 (Nick Schmaltz 5) at 3:01 (SH)
2. Maroons , Matthew Tkachuk 9 (Bo Horvat 15) at 19:09

Penalties :
Matthew Tkachuk (MON) for Hooking (Minor) at 2:33

2nd period

3. Blackhawks , Andrew Shaw 7 (Tyler Bertuzzi 2) at 4:45
4. Blackhawks , Zach Parise 7 (Niklas Hjalmarsson 6) at 9:41
5. Blackhawks , Luke Kunin 3 (Brett Connolly 3, Niklas Hjalmarsson 7) at 15:14

Penalties :
Brandon Davidson (CHI) for Tripping (Minor) at 0:40, Brandon Davidson (CHI) for Slashing (Minor) at 6:01, Pierre-Luc Dubois (MON) for Elbowing (Minor) at 12:02, Jacob Trouba (MON) for High sticking (Minor) at 16:56

3rd period

No Goal

Penalties :
Andrew Shaw (CHI) for Elbowing (Minor) at 17:13

Goalie Stats

John Gibson (MON), 40 saves from 43 shots - (0,930), L, 8-5-1, 59:37 minutes
Frederik Andersen (CHI), 28 saves from 30 shots - (0,933), W, 6-4-3, 60:00 minutes

Players Stats for Maroons

Player Name              G  A  P  +/- PIM S  H  SB GA TA FO     MP     PP MP  PK MP  
------------------------------------------------------------------------------------
Alexander Kerfoot        0  0  0  -1  0   1  1  1  2  1  0/3    11:13   0:06   0:52 
Bo Horvat                1  1  2   1  0   6  0  0  1  0  25/43  24:06   3:25   3:30 
Brendan Gallagher        0  0  0   0  0   1  0  2  1  0  0/2    22:10   3:19   1:50 
Brenden Dillon           0  0  0   0  0   0  1  3  0  1  0/0    17:39   2:23   2:21 
Bryan Rust               0  0  0   0  0   0  1  2  0  0  0/0    14:54   2:32   0:00 
Cal Clutterbuck          0  0  0  -1  0   1  1  0  0  0  0/0    12:05   2:32   0:26 
Carl Gunnarsson          0  0  0   0  0   0  0  0  0  0  0/0    12:13   0:00   1:04 
Esa Lindell              0  0  0   0  0   2  1  3  1  3  0/0    28:12   3:34   3:36 
Frederik Gauthier        0  0  0  -1  0   1  0  0  0  0  1/2     8:18   0:00   0:00 
Jacob Trouba             0  0  0   0  2   2  0  1  0  0  0/0    26:27   3:34   2:32 
Jay Beagle               0  0  0  -1  0   0  0  0  0  0  0/0    10:20   0:06   0:00 
Matthew Tkachuk          1  0  1   0  2   6  0  1  0  0  1/2    22:31   3:19   2:10 
Nick Ritchie             0  0  0  -1  0   0  2  0  0  0  0/0     8:18   0:00   0:00 
Nick Schmaltz            0  1  1   1  0   4  0  0  2  0  0/0    15:23   0:00   1:44 
Pierre-Luc Dubois        0  0  0   0  2   2  0  0  0  0  5/15   16:16   2:32   1:22 
Pontus Aberg             0  0  0  -1  0   1  3  0  0  0  0/0     8:18   0:00   0:00 
Ryan McDonagh            0  0  0  -1  0   2  3  1  0  0  0/0    21:28   2:23   2:21 
Torey Krug               0  0  0  -1  0   1  1  0  0  0  0/0    14:09   0:00   0:00 

Players Stats for Blackhawks

Player Name              G  A  P  +/- PIM S  H  SB GA TA FO     MP     PP MP  PK MP  
------------------------------------------------------------------------------------
Alex Steen               0  0  0   1  0   3  0  0  0  0  0/1    10:00   0:00   3:02 
Andrew Shaw              1  0  1   0  2   2  3  0  0  1  1/1    16:09   2:29   1:06 
Andy Greene              0  0  0   0  0   1  0  1  0  1  0/0    21:15   2:02   3:34 
Brandon Davidson         0  0  0   0  4   1  1  4  0  2  0/0    18:46   2:02   0:00 
Brett Connolly           0  1  1   0  0   4  2  0  0  0  1/1    12:17   0:00   1:08 
Cam Atkinson             0  0  0   0  0   2  1  0  0  0  2/3    20:52   3:28   0:00 
Carl Hagelin             0  0  0   1  0   1  0  0  0  1  0/0    10:13   0:00   1:47 
Derek Forbort            0  0  0   1  0   1  1  1  0  0  0/0    19:51   0:00   2:23 
Eric Staal               0  0  0   0  0   4  4  0  0  0  19/31  20:24   3:28   0:16 
Gavin Bayreuther         0  0  0   0  0   3  0  1  1  1  0/0    20:55   3:55   2:23 
Luke Kunin               1  0  1   1  0   3  0  0  0  0  1/7    10:24   0:00   3:02 
Markus Nutivaara         0  0  0   0  0   1  0  1  0  0  0/0    19:05   3:55   0:00 
Mikael Backlund          0  0  0   0  0   5  2  0  0  0  6/15   14:20   2:29   0:00 
Niklas Hjalmarsson       0  2  2   1  0   1  0  0  0  0  0/0    20:47   0:00   3:34 
Tyler Bertuzzi           0  1  1   0  0   2  0  0  0  0  0/0    11:43   0:00   0:00 
Vladislav Namestnikov    0  0  0   0  0   2  2  0  1  1  0/1    12:45   0:00   1:33 
Yanni Gourde             0  0  0   0  0   3  3  0  1  0  4/5    14:06   2:29   0:00 
Zach Parise              1  0  1   0  0   4  0  0  2  0  1/2    20:08   3:28   0:00 

3 Stars

1 - Bo Horvat (MON)
2 - Luke Kunin (CHI)
3 - Niklas Hjalmarsson (CHI)

Power Play

Maroons - 0 on 3 Attempt(s) - 0,00%
Blackhawks - 0 on 3 Attempt(s) - 0,00%

Penalty Kill

Maroons - 3 on 3 Attempt(s) - 100,00% - Score 1 goal in Penalty Kill
Blackhawks - 3 on 3 Attempt(s) - 100,00% - Score 0 goal in Penalty Kill

Team Stat

Maroons - Hits : 14 - Faceoff Wins : 32 - Blocked Shots : 14 - Penalty Minutes : 6
Blackhawks - Hits : 19 - Faceoff Wins : 35 - Blocked Shots : 8 - Penalty Minutes : 6

Official

Referees : Jon Mclsaac and Evgeny Romasko
Linesman : Michel Cormier and John Grandt

Game Notes

No Game Note

Finance

Level 1 -- Attendance: 4965 (82,75%) -- Ticket Income 496 500 $
Level 2 -- Attendance: 4731 (94,62%) -- Ticket Income 283 860 $
Level 3 -- Attendance: 2000 (100,00%) -- Ticket Income 70 000 $
Level 4 -- Attendance: 4000 (100,00%) -- Ticket Income 80 000 $
Luxury Box -- Attendance: 720 (72,00%) -- Ticket Income 144 000 $
Game was played at the United Center.
Total Attendance: 16416 (91,20%)
Total Ticket Income: 1 074 360 $
Other Income: 526 436 $
Total Income: 1 600 796 $

Maroons

5 vs 5 Forward 
   Center                   Left Wing                Right Wing               Time % Phy DF OF 
 1 Bo Horvat                Matthew Tkachuk          Brendan Gallagher        40     1   2  2  
 2 Pierre-Luc Dubois        Nick Schmaltz            Bryan Rust               30     1   2  2  
 3 Alexander Kerfoot        Cal Clutterbuck          Jay Beagle               20     1   2  2  
 4 Frederik Gauthier        Nick Ritchie             Pontus Aberg             10     1   2  2  

5 vs 5 Defense 
   Defense                  Defense                                           Time % Phy DF OF 
 1 Esa Lindell              Jacob Trouba                                      40     1   2  2  
 2 Ryan McDonagh            Torey Krug                                        30     1   2  2  
 3 Brenden Dillon           Carl Gunnarsson                                   20     1   2  2  
 4 Ryan McDonagh            Brenden Dillon                                    10     1   2  2  

PowerPlay Forward 
   Center                   Left Wing                Right Wing               Time % Phy DF OF 
 1 Bo Horvat                Matthew Tkachuk          Brendan Gallagher        60     1   2  2  
 2 Pierre-Luc Dubois        Cal Clutterbuck          Bryan Rust               40     1   2  2  

PowerPlay Defense
   Defense                  Defense                                           Time % Phy DF OF 
 1 Esa Lindell              Jacob Trouba                                      60     1   2  2  
 2 Ryan McDonagh            Brenden Dillon                                    40     1   2  2  

Penalty Kill 4 Players Forward 
   Center                   Wing                     Time % Phy DF OF 
 1 Bo Horvat                Matthew Tkachuk          60     1   2  2  
 2 Pierre-Luc Dubois        Brendan Gallagher        40     1   2  2  

Penalty Kill 4 Players Defense
   Defense                  Defense                  Time % Phy DF OF 
 1 Esa Lindell              Jacob Trouba             60     1   2  2  
 2 Ryan McDonagh            Brenden Dillon           40     1   2  2  

Penalty Kill - 3 Players Forward 
   Forward                                           Time % Phy DF OF 
 1 Bo Horvat                                         60     1   2  2  
 2 Matthew Tkachuk                                   40     1   2  2  

Penalty Kill - 3 Players Defense
   Defense                  Defense                  Time % Phy DF OF 
 1 Esa Lindell              Jacob Trouba             60     1   2  2  
 2 Ryan McDonagh            Brenden Dillon           40     1   2  2  

4 vs 4 Forward 
   Center                   Wing                     Time % Phy DF OF 
 1 Bo Horvat                Matthew Tkachuk          60     1   2  2  
 2 Pierre-Luc Dubois        Brendan Gallagher        40     1   2  2  

4 vs 4 Defense
   Defense                  Defense                  Time % Phy DF OF 
 1 Esa Lindell              Jacob Trouba             60     1   2  2  
 2 Ryan McDonagh            Brenden Dillon           40     1   2  2  

Last Minutes Offensive
   Center                   Left Wing                Right Wing               Defense                  Defense                  
   Bo Horvat                Matthew Tkachuk          Brendan Gallagher        Esa Lindell              Jacob Trouba             

Last Minutes Defensive
   Center                   Left Wing                Right Wing               Defense                  Defense                  
   Bo Horvat                Matthew Tkachuk          Brendan Gallagher        Esa Lindell              Jacob Trouba             

Goaltenders
Starting : John Gibson              
Backup : Cam Ward                 

Extra Forwards
Normal : Alexander Kerfoot, Jay Beagle, Nick Schmaltz - PP : Alexander Kerfoot, Jay Beagle - PK : Nick Schmaltz
Extra Defensemen
Normal : Torey Krug, Carl Gunnarsson, Ryan McDonagh - PP : Torey Krug - PK : Carl Gunnarsson, Ryan McDonagh
Penalty Shots
Bo Horvat, Matthew Tkachuk, Pierre-Luc Dubois, Brendan Gallagher, Cal Clutterbuck
Custom OT Lines Forwards
Bo Horvat, Matthew Tkachuk, Pierre-Luc Dubois, Brendan Gallagher, Cal Clutterbuck, Bryan Rust, Alexander Kerfoot, Jay Beagle, Nick Schmaltz, Nick Ritchie
Custom OT Lines Defensemen
Esa Lindell, Jacob Trouba, Ryan McDonagh, Brenden Dillon, Torey Krug

Scratches
Buddy Robinson (Healthy), Tobias Rieder (Healthy)

Blackhawks

5 vs 5 Forward 
   Center                   Left Wing                Right Wing               Time % Phy DF OF 
 1 Eric Staal               Zach Parise              Cam Atkinson             35     1   2  2  
 2 Mikael Backlund          Tyler Bertuzzi           Andrew Shaw              28     1   2  2  
 3 Yanni Gourde             Vladislav Namestnikov    Brett Connolly           25     1   2  2  
 4 Luke Kunin               Carl Hagelin             Alex Steen               12     1   2  2  

5 vs 5 Defense 
   Defense                  Defense                                           Time % Phy DF OF 
 1 Niklas Hjalmarsson       Derek Forbort                                     35     1   2  2  
 2 Andy Greene              Brandon Davidson                                  32     1   2  2  
 3 Gavin Bayreuther         Markus Nutivaara                                  25     1   2  2  
 4 Niklas Hjalmarsson       Derek Forbort                                     8      1   2  2  

PowerPlay Forward 
   Center                   Left Wing                Right Wing               Time % Phy DF OF 
 1 Eric Staal               Zach Parise              Cam Atkinson             60     1   2  2  
 2 Mikael Backlund          Yanni Gourde             Andrew Shaw              40     1   2  2  

PowerPlay Defense
   Defense                  Defense                                           Time % Phy DF OF 
 1 Gavin Bayreuther         Markus Nutivaara                                  60     1   2  2  
 2 Brandon Davidson         Andy Greene                                       40     1   2  2  

Penalty Kill 4 Players Forward 
   Center                   Wing                     Time % Phy DF OF 
 1 Luke Kunin               Alex Steen               60     1   2  2  
 2 Andrew Shaw              Carl Hagelin             40     1   2  2  

Penalty Kill 4 Players Defense
   Defense                  Defense                  Time % Phy DF OF 
 1 Andy Greene              Niklas Hjalmarsson       60     1   2  2  
 2 Derek Forbort            Gavin Bayreuther         40     1   2  2  

Penalty Kill - 3 Players Forward 
   Forward                                           Time % Phy DF OF 
 1 Luke Kunin                                        60     1   2  2  
 2 Alex Steen                                        40     1   2  2  

Penalty Kill - 3 Players Defense
   Defense                  Defense                  Time % Phy DF OF 
 1 Andy Greene              Niklas Hjalmarsson       60     1   2  2  
 2 Derek Forbort            Gavin Bayreuther         40     1   2  2  

4 vs 4 Forward 
   Center                   Wing                     Time % Phy DF OF 
 1 Mikael Backlund          Cam Atkinson             60     1   2  2  
 2 Eric Staal               Yanni Gourde             40     1   2  2  

4 vs 4 Defense
   Defense                  Defense                  Time % Phy DF OF 
 1 Markus Nutivaara         Derek Forbort            60     1   2  2  
 2 Brandon Davidson         Markus Nutivaara         40     1   2  2  

Last Minutes Offensive
   Center                   Left Wing                Right Wing               Defense                  Defense                  
   Eric Staal               Zach Parise              Cam Atkinson             Markus Nutivaara         Derek Forbort            

Last Minutes Defensive
   Center                   Left Wing                Right Wing               Defense                  Defense                  
   Luke Kunin               Carl Hagelin             Alex Steen               Niklas Hjalmarsson       Andy Greene              

Goaltenders
Starting : Frederik Andersen        
Backup : David Rittich            

Extra Forwards
Normal : Cam Atkinson, Yanni Gourde, Vladislav Namestnikov - PP : Yanni Gourde, Tyler Bertuzzi - PK : Vladislav Namestnikov
Extra Defensemen
Normal : Niklas Hjalmarsson, Derek Forbort, Andy Greene - PP : Derek Forbort - PK : Gavin Bayreuther, Brandon Davidson
Penalty Shots
Cam Atkinson, Zach Parise, Alex Steen, Andy Greene, Eric Staal
Custom OT Lines Forwards
Cam Atkinson, Eric Staal, Yanni Gourde, Mikael Backlund, Tyler Bertuzzi, Andrew Shaw, Vladislav Namestnikov, Brett Connolly, Alex Steen, Carl Hagelin
Custom OT Lines Defensemen
Niklas Hjalmarsson, Derek Forbort, Markus Nutivaara, Brandon Davidson, Andy Greene

Scratches
Brock McGinn (Healthy)

% Time on Ice - Maroons

Lines # - Real PCT - Wanted PCT - Time Play
Normal Forward
1 - 36% - 40% - 17:12
2 - 26% - 30% - 12:22
3 - 20% - 20% - 9:27
4 - 18% - 10% - 8:18
Normal Defense
1 - 43% - 40% - 20:19
2 - 30% - 30% - 14:25
3 - 22% - 20% - 10:16
4 - 5% - 10% - 2:19
PP Forward
1 - 57% - 60% - 3:25
2 - 43% - 40% - 2:32
PP Defense
1 - 60% - 60% - 3:34
2 - 40% - 40% - 2:23
PK Forward
1 - 69% - 60% - 4:07
2 - 31% - 40% - 1:50
PK Defense
1 - 61% - 60% - 3:36
2 - 39% - 40% - 2:21
PK3 Forward
1 - 0% - 60%
2 - 0% - 40%
PK3 Defense
1 - 0% - 60%
2 - 0% - 40%
44 Forward
1 - 0% - 60%
2 - 0% - 40%
44 Defense
1 - 0% - 60%
2 - 0% - 40%
Last Minute Offensive  - 0:47
Last Minute Defensive  - 0:00
Total
Forward - 60:00
Defense - 60:00

% Time on Ice - Blackhawks

Lines # - Real PCT - Wanted PCT - Time Play
Normal Forward
1 - 35% - 35% - 16:40
2 - 27% - 28% - 12:35
3 - 24% - 25% - 11:09
4 - 15% - 12% - 6:58
Normal Defense
1 - 35% - 35% - 16:48
2 - 33% - 32% - 15:32
3 - 28% - 25% - 13:08
4 - 4% - 8% - 1:54
PP Forward
1 - 58% - 60% - 3:28
2 - 42% - 40% - 2:29
PP Defense
1 - 66% - 60% - 3:55
2 - 34% - 40% - 2:02
PK Forward
1 - 70% - 60% - 4:10
2 - 30% - 40% - 1:47
PK Defense
1 - 60% - 60% - 3:34
2 - 40% - 40% - 2:23
PK3 Forward
1 - 0% - 60%
2 - 0% - 40%
PK3 Defense
1 - 0% - 60%
2 - 0% - 40%
44 Forward
1 - 0% - 60%
2 - 0% - 40%
44 Defense
1 - 0% - 60%
2 - 0% - 40%
Last Minute Offensive  - 0:00
Last Minute Defensive  - 0:44
Total
Forward - 60:00
Defense - 60:00

Play-by-Play

1st period


0:01 of 1st period - Eric Staal wins face-off versus Bo Horvat in neutral zone.
0:06 of 1st period - Wrist shot by Cam Atkinson.
0:06 of 1st period - Shot Misses the Net.
0:14 of 1st period - Snap shot by Bo Horvat.
0:14 of 1st period - Stopped by Frederik Andersen without a rebound.
0:15 of 1st period - Pierre-Luc Dubois wins face-off versus Mikael Backlund in Blackhawks zone.
0:29 of 1st period - Snap shot by Mikael Backlund.
0:29 of 1st period - Stopped by John Gibson with a rebound.
0:41 of 1st period - Ryan McDonagh is hit by Yanni Gourde.
1:01 of 1st period - Wrist shot by Luke Kunin.
1:01 of 1st period - Stopped by John Gibson with a rebound.
1:42 of 1st period - Slapshot by Nick Schmaltz.
1:42 of 1st period - Shot Misses the Net.
2:20 of 1st period - Wrist shot by Matthew Tkachuk.
2:20 of 1st period - Shot Misses the Net.
2:24 of 1st period - Snap shot by Brendan Gallagher.
2:24 of 1st period - Stopped by Frederik Andersen without a rebound.
2:25 of 1st period - Eric Staal wins face-off versus Matthew Tkachuk in Blackhawks zone.
2:33 of 1st period - Minor Penalty to Matthew Tkachuk for Hooking.
2:34 of 1st period - Eric Staal wins face-off versus Bo Horvat in Maroons zone.
2:43 of 1st period - Wrist shot by Cam Atkinson.
2:43 of 1st period - Shot Misses the Net.
2:45 of 1st period - Snap shot by Gavin Bayreuther.
2:45 of 1st period - Stopped by John Gibson without a rebound.
2:46 of 1st period - Eric Staal wins face-off versus Bo Horvat in Maroons zone.
2:49 of 1st period - Snap shot by Cam Atkinson.
2:49 of 1st period - Shot Blocked by Esa Lindell.
2:51 of 1st period - Slapshot by Zach Parise.
2:51 of 1st period - Shot Misses the Net.
2:53 of 1st period - Slapshot by Gavin Bayreuther.
2:53 of 1st period - Stopped by John Gibson without a rebound.
2:54 of 1st period - Bo Horvat wins face-off versus Eric Staal in Maroons zone.
3:01 of 1st period - Backhand shot by Bo Horvat.
3:01 of 1st period - Goal by Bo Horvat - Maroons : 1 - Blackhawks : 0.
3:02 of 1st period - Bo Horvat wins face-off versus Eric Staal in neutral zone.
3:13 of 1st period - Slapshot by Zach Parise.
3:13 of 1st period - Stopped by John Gibson with a rebound.
4:33 of 1st period - Penalty to Matthew Tkachuk is over, Matthew Tkachuk is back on ice.
4:37 of 1st period - Zach Parise is hit by Pontus Aberg and loses puck.
5:02 of 1st period - Gavin Bayreuther is hit by Cal Clutterbuck and loses puck.
6:01 of 1st period - Snap shot by Pontus Aberg.
6:01 of 1st period - Stopped by Frederik Andersen without a rebound.
6:02 of 1st period - Eric Staal wins face-off versus Bo Horvat in Blackhawks zone.
6:33 of 1st period - Niklas Hjalmarsson is hit by Esa Lindell and loses puck.
7:48 of 1st period - Slapshot by Nick Schmaltz.
7:48 of 1st period - Shot Misses the Net.
7:50 of 1st period - Slapshot by Ryan McDonagh.
7:50 of 1st period - Stopped by Frederik Andersen without a rebound.
7:51 of 1st period - Eric Staal wins face-off versus Pierre-Luc Dubois in Blackhawks zone.
8:25 of 1st period - Icing by Matthew Tkachuk.
8:26 of 1st period - Eric Staal wins face-off versus Bo Horvat in Maroons zone.
8:27 of 1st period - Wrist shot by Cam Atkinson.
8:27 of 1st period - Stopped by John Gibson without a rebound.
8:28 of 1st period - Eric Staal wins face-off versus Bo Horvat in Maroons zone.
10:06 of 1st period - Ryan McDonagh is hit by Yanni Gourde and loses puck.
10:37 of 1st period - Matthew Tkachuk is hit by Mikael Backlund.
10:57 of 1st period - Wrist shot by Zach Parise.
10:57 of 1st period - Shot Blocked by Esa Lindell.
11:18 of 1st period - Cal Clutterbuck is hit by Brett Connolly and loses puck.
11:23 of 1st period - Slapshot by Brett Connolly.
11:23 of 1st period - Stopped by John Gibson with a rebound.
11:25 of 1st period - Slapshot by Brandon Davidson.
11:25 of 1st period - Shot Blocked by Alexander Kerfoot.
11:27 of 1st period - Wrist shot by Yanni Gourde.
11:27 of 1st period - Deflect By Brett Connolly.
11:27 of 1st period - Deflect By Carl Gunnarsson.
11:27 of 1st period - Stopped by John Gibson with a rebound.
11:29 of 1st period - Snap shot by Vladislav Namestnikov.
11:29 of 1st period - Shot Misses the Net.
11:31 of 1st period - Snap shot by Vladislav Namestnikov.
11:31 of 1st period - Shot Misses the Net.
11:40 of 1st period - Icing by Bo Horvat.
11:41 of 1st period - Bo Horvat wins face-off versus Luke Kunin in Maroons zone.
12:35 of 1st period - Snap shot by Vladislav Namestnikov.
12:35 of 1st period - Shot Blocked by Brenden Dillon.
12:37 of 1st period - Wrist shot by Vladislav Namestnikov.
12:37 of 1st period - Stopped by John Gibson without a rebound.
12:38 of 1st period - Eric Staal wins face-off versus Bo Horvat in Maroons zone.
12:42 of 1st period - Icing by Esa Lindell.
12:43 of 1st period - Zach Parise wins face-off versus Bo Horvat in Maroons zone.
12:48 of 1st period - Wrist shot by Eric Staal.
12:48 of 1st period - Stopped by John Gibson with a rebound.
13:51 of 1st period - Snap shot by Matthew Tkachuk.
13:51 of 1st period - Shot Blocked by Brandon Davidson.
13:53 of 1st period - Slapshot by Ryan McDonagh.
13:53 of 1st period - Shot Blocked by Brandon Davidson.
13:55 of 1st period - Wrist shot by Matthew Tkachuk.
13:55 of 1st period - Deflect By Brendan Gallagher.
13:55 of 1st period - Shot Misses the Net.
13:55 of 1st period - Puck is out of play.
13:56 of 1st period - Eric Staal wins face-off versus Bo Horvat in Blackhawks zone.
14:27 of 1st period - Eric Staal is hit by Ryan McDonagh.
14:39 of 1st period - Snap shot by Bo Horvat.
14:39 of 1st period - Stopped by Frederik Andersen without a rebound.
14:40 of 1st period - Mikael Backlund wins face-off versus Pierre-Luc Dubois in Blackhawks zone.
15:38 of 1st period - Icing by Jacob Trouba.
15:39 of 1st period - Mikael Backlund wins face-off versus Frederik Gauthier in Maroons zone.
15:46 of 1st period - Wrist shot by Mikael Backlund.
15:46 of 1st period - Stopped by John Gibson without a rebound.
15:47 of 1st period - Bo Horvat wins face-off versus Mikael Backlund in Maroons zone.
17:18 of 1st period - Slapshot by Bo Horvat.
17:18 of 1st period - Stopped by Frederik Andersen without a rebound.
17:19 of 1st period - Mikael Backlund wins face-off versus Bo Horvat in Blackhawks zone.
17:36 of 1st period - Snap shot by Matthew Tkachuk.
17:36 of 1st period - Stopped by Frederik Andersen without a rebound.
17:37 of 1st period - Eric Staal wins face-off versus Pierre-Luc Dubois in Blackhawks zone.
18:04 of 1st period - Brendan Gallagher is hit by Andrew Shaw and loses puck.
18:09 of 1st period - Snap shot by Mikael Backlund.
18:09 of 1st period - Shot Misses the Net.
18:11 of 1st period - Snap shot by Markus Nutivaara.
18:11 of 1st period - Stopped by John Gibson with a rebound.
18:13 of 1st period - Snap shot by Andrew Shaw.
18:13 of 1st period - Shot Misses the Net.
18:15 of 1st period - Wrist shot by Mikael Backlund.
18:15 of 1st period - Stopped by John Gibson with a rebound.
18:17 of 1st period - Slapshot by Gavin Bayreuther.
18:17 of 1st period - Stopped by John Gibson without a rebound.
18:18 of 1st period - Pierre-Luc Dubois wins face-off versus Eric Staal in Maroons zone.
18:43 of 1st period - Esa Lindell is hit by Vladislav Namestnikov and loses puck.
19:07 of 1st period - Snap shot by Matthew Tkachuk.
19:07 of 1st period - Stopped by Frederik Andersen without a rebound.
19:08 of 1st period - Bo Horvat wins face-off versus Mikael Backlund in Blackhawks zone.
19:09 of 1st period - Wrist shot by Matthew Tkachuk.
19:09 of 1st period - Goal by Matthew Tkachuk - Maroons : 2 - Blackhawks : 0.
19:10 of 1st period - Bo Horvat wins face-off versus Eric Staal in neutral zone.
19:37 of 1st period - Jay Beagle is hit by Yanni Gourde and loses puck.
19:58 of 1st period - Wrist shot by Mikael Backlund.
19:58 of 1st period - Stopped by John Gibson without a rebound.
19:59 of 1st period - Mikael Backlund wins face-off versus Pierre-Luc Dubois in Maroons zone.
Goals for this period are 2 for Maroons vs 0 for Blackhawks.
Shots for this period are 10 for Maroons vs 15 for Blackhawks.

2nd period


0:01 of 2nd period - Eric Staal wins face-off versus Bo Horvat in neutral zone.
0:03 of 2nd period - Off-side.
0:04 of 2nd period - Cam Atkinson wins face-off versus Bo Horvat in neutral zone.
0:13 of 2nd period - Slapshot by Cam Atkinson.
0:13 of 2nd period - Shot Misses the Net.
0:15 of 2nd period - Slapshot by Zach Parise.
0:15 of 2nd period - Shot Misses the Net.
0:17 of 2nd period - Snap shot by Zach Parise.
0:17 of 2nd period - Deflect By Bo Horvat.
0:17 of 2nd period - Shot Misses the Net.
0:17 of 2nd period - Puck is out of play.
0:18 of 2nd period - Bo Horvat wins face-off versus Mikael Backlund in Maroons zone.
0:18 of 2nd period - Bo Horvat is hit by Brandon Davidson.
0:40 of 2nd period - Minor Penalty to Brandon Davidson for Tripping.
0:41 of 2nd period - Bo Horvat wins face-off versus Luke Kunin in Blackhawks zone.
2:40 of 2nd period - Penalty to Brandon Davidson is over, Brandon Davidson is back on ice.
2:53 of 2nd period - Slapshot by Eric Staal.
2:53 of 2nd period - Shot Misses the Net.
2:55 of 2nd period - Slapshot by Brandon Davidson.
2:55 of 2nd period - Shot Blocked by Ryan McDonagh.
2:57 of 2nd period - Slapshot by Cam Atkinson.
2:57 of 2nd period - Deflect By Ryan McDonagh.
2:57 of 2nd period - Shot Misses the Net.
2:57 of 2nd period - Puck is out of play.
2:58 of 2nd period - Frederik Gauthier wins face-off versus Eric Staal in Maroons zone.
3:21 of 2nd period - Esa Lindell is hit by Cam Atkinson and loses puck.
3:26 of 2nd period - Snap shot by Eric Staal.
3:26 of 2nd period - Shot Misses the Net.
3:28 of 2nd period - Snap shot by Eric Staal.
3:28 of 2nd period - Stopped by John Gibson without a rebound.
3:29 of 2nd period - Yanni Gourde wins face-off versus Bo Horvat in Maroons zone.
4:02 of 2nd period - Wrist shot by Andrew Shaw.
4:02 of 2nd period - Shot Misses the Net.
4:04 of 2nd period - Slapshot by Derek Forbort.
4:04 of 2nd period - Deflect By Bryan Rust.
4:04 of 2nd period - Stopped by John Gibson without a rebound.
4:05 of 2nd period - Matthew Tkachuk wins face-off versus Eric Staal in Maroons zone.
4:45 of 2nd period - Slapshot by Andrew Shaw.
4:45 of 2nd period - Goal by Andrew Shaw - Maroons : 2 - Blackhawks : 1.
4:46 of 2nd period - Pierre-Luc Dubois wins face-off versus Vladislav Namestnikov in neutral zone.
4:53 of 2nd period - Snap shot by Nick Schmaltz.
4:53 of 2nd period - Stopped by Frederik Andersen without a rebound.
4:54 of 2nd period - Yanni Gourde wins face-off versus Pierre-Luc Dubois in Blackhawks zone.
5:28 of 2nd period - Wrist shot by Brett Connolly.
5:28 of 2nd period - Stopped by John Gibson with a rebound.
5:30 of 2nd period - Slapshot by Niklas Hjalmarsson.
5:30 of 2nd period - Shot Blocked by Bryan Rust.
5:32 of 2nd period - Snap shot by Yanni Gourde.
5:32 of 2nd period - Shot Hit the Post.
5:34 of 2nd period - Wrist shot by Yanni Gourde.
5:34 of 2nd period - Stopped by John Gibson without a rebound.
5:35 of 2nd period - Bo Horvat wins face-off versus Eric Staal in Maroons zone.
5:46 of 2nd period - Snap shot by Bo Horvat.
5:46 of 2nd period - Stopped by Frederik Andersen with a rebound.
6:01 of 2nd period - Minor Penalty to Brandon Davidson for Slashing.
6:02 of 2nd period - Luke Kunin wins face-off versus Brendan Gallagher in Blackhawks zone.
6:17 of 2nd period - Snap shot by Matthew Tkachuk.
6:17 of 2nd period - Stopped by Frederik Andersen without a rebound.
6:18 of 2nd period - Bo Horvat wins face-off versus Luke Kunin in Blackhawks zone.
7:34 of 2nd period - Wrist shot by Vladislav Namestnikov.
7:34 of 2nd period - Stopped by John Gibson with a rebound.
7:36 of 2nd period - Slapshot by Andy Greene.
7:36 of 2nd period - Shot Blocked by Brenden Dillon.
8:01 of 2nd period - Penalty to Brandon Davidson is over, Brandon Davidson is back on ice.
8:13 of 2nd period - Brandon Davidson is hit by Ryan McDonagh and loses puck.
8:28 of 2nd period - Andrew Shaw is hit by Brenden Dillon and loses puck.
8:50 of 2nd period - Ryan McDonagh is hit by Derek Forbort and loses puck.
9:01 of 2nd period - Jay Beagle is hit by Vladislav Namestnikov and loses puck.
9:08 of 2nd period - Wrist shot by Yanni Gourde.
9:08 of 2nd period - Stopped by John Gibson without a rebound.
9:09 of 2nd period - Brett Connolly wins face-off versus Brendan Gallagher in Maroons zone.
9:34 of 2nd period - Niklas Hjalmarsson is hit by Pontus Aberg and loses puck.
9:41 of 2nd period - Snap shot by Zach Parise.
9:41 of 2nd period - Goal by Zach Parise - Maroons : 2 - Blackhawks : 2.
9:42 of 2nd period - Bo Horvat wins face-off versus Eric Staal in neutral zone.
9:49 of 2nd period - Slapshot by Matthew Tkachuk.
9:49 of 2nd period - Shot Misses the Net.
10:35 of 2nd period - Wrist shot by Tyler Bertuzzi.
10:35 of 2nd period - Stopped by John Gibson with a rebound.
11:05 of 2nd period - Wrist shot by Eric Staal.
11:05 of 2nd period - Shot Misses the Net.
11:07 of 2nd period - Backhand shot by Cam Atkinson.
11:07 of 2nd period - Stopped by John Gibson with a rebound.
11:09 of 2nd period - Snap shot by Eric Staal.
11:09 of 2nd period - Shot Blocked by Brenden Dillon.
11:21 of 2nd period - Wrist shot by Alex Steen.
11:21 of 2nd period - Stopped by John Gibson without a rebound.
11:22 of 2nd period - Bo Horvat wins face-off versus Luke Kunin in Maroons zone.
11:31 of 2nd period - Slapshot by Esa Lindell.
11:31 of 2nd period - Stopped by Frederik Andersen with a rebound.
11:33 of 2nd period - Snap shot by Esa Lindell.
11:33 of 2nd period - Stopped by Frederik Andersen without a rebound.
11:34 of 2nd period - Eric Staal wins face-off versus Bo Horvat in Blackhawks zone.
11:50 of 2nd period - Off-side.
11:51 of 2nd period - Andrew Shaw wins face-off versus Pierre-Luc Dubois in neutral zone.
12:00 of 2nd period - Wrist shot by Andrew Shaw.
12:00 of 2nd period - Shot Misses the Net.
12:02 of 2nd period - Minor Penalty to Pierre-Luc Dubois for Elbowing.
12:03 of 2nd period - Bo Horvat wins face-off versus Eric Staal in Maroons zone.
12:14 of 2nd period - Snap shot by Cam Atkinson.
12:14 of 2nd period - Shot Blocked by Matthew Tkachuk.
14:02 of 2nd period - Penalty to Pierre-Luc Dubois is over, Pierre-Luc Dubois is back on ice.
14:59 of 2nd period - Niklas Hjalmarsson is hit by Bryan Rust and loses puck.
15:12 of 2nd period - Snap shot by Brett Connolly.
15:12 of 2nd period - Stopped by John Gibson with a rebound.
15:14 of 2nd period - Wrist shot by Luke Kunin.
15:14 of 2nd period - Goal by Luke Kunin - Maroons : 2 - Blackhawks : 3.
15:15 of 2nd period - Bo Horvat wins face-off versus Eric Staal in neutral zone.
15:24 of 2nd period - Snap shot by Bo Horvat.
15:24 of 2nd period - Stopped by Frederik Andersen without a rebound.
15:25 of 2nd period - Eric Staal wins face-off versus Bo Horvat in Blackhawks zone.
15:32 of 2nd period - Snap shot by Zach Parise.
15:32 of 2nd period - Stopped by John Gibson without a rebound.
15:33 of 2nd period - Bo Horvat wins face-off versus Zach Parise in Maroons zone.
15:44 of 2nd period - Snap shot by Bo Horvat.
15:44 of 2nd period - Shot Misses the Net.
16:00 of 2nd period - Esa Lindell is hit by Andrew Shaw.
16:04 of 2nd period - Snap shot by Mikael Backlund.
16:04 of 2nd period - Shot Misses the Net.
16:06 of 2nd period - Slapshot by Mikael Backlund.
16:06 of 2nd period - Stopped by John Gibson without a rebound.
16:07 of 2nd period - Bo Horvat wins face-off versus Yanni Gourde in Maroons zone.
16:20 of 2nd period - Wrist shot by Brendan Gallagher.
16:20 of 2nd period - Shot Misses the Net.
16:45 of 2nd period - Wrist shot by Andrew Shaw.
16:45 of 2nd period - Stopped by John Gibson with a rebound.
16:47 of 2nd period - Slapshot by Andy Greene.
16:47 of 2nd period - Stopped by John Gibson without a rebound.
16:48 of 2nd period - Eric Staal wins face-off versus Pierre-Luc Dubois in Maroons zone.
16:56 of 2nd period - Minor Penalty to Jacob Trouba for High sticking.
16:57 of 2nd period - Bo Horvat wins face-off versus Cam Atkinson in Maroons zone.
16:57 of 2nd period - Bo Horvat is hit by Eric Staal.
17:52 of 2nd period - Snap shot by Eric Staal.
17:52 of 2nd period - Stopped by John Gibson with a rebound.
17:54 of 2nd period - Snap shot by Zach Parise.
17:54 of 2nd period - Stopped by John Gibson without a rebound.
17:55 of 2nd period - Bo Horvat wins face-off versus Mikael Backlund in Maroons zone.
18:56 of 2nd period - Penalty to Jacob Trouba is over, Jacob Trouba is back on ice.
19:14 of 2nd period - Snap shot by Carl Hagelin.
19:14 of 2nd period - Shot Misses the Net.
19:16 of 2nd period - Slapshot by Carl Hagelin.
19:16 of 2nd period - Shot Misses the Net.
19:18 of 2nd period - Slapshot by Alex Steen.
19:18 of 2nd period - Stopped by John Gibson with a rebound.
19:53 of 2nd period - Snap shot by Nick Schmaltz.
19:53 of 2nd period - Stopped by Frederik Andersen with a rebound.
19:55 of 2nd period - Wrist shot by Pierre-Luc Dubois.
19:55 of 2nd period - Stopped by Frederik Andersen with a rebound.
19:57 of 2nd period - Snap shot by Torey Krug.
19:57 of 2nd period - Stopped by Frederik Andersen with a rebound.
19:59 of 2nd period - Slapshot by Pierre-Luc Dubois.
19:59 of 2nd period - Stopped by Frederik Andersen without a rebound.
Goals for this period are 0 for Maroons vs 3 for Blackhawks.
Shots for this period are 10 for Maroons vs 20 for Blackhawks.

3rd period


0:01 of 3rd period - Bo Horvat wins face-off versus Eric Staal in neutral zone.
0:34 of 3rd period - Backhand shot by Eric Staal.
0:34 of 3rd period - Shot Misses the Net.
1:51 of 3rd period - Snap shot by Cal Clutterbuck.
1:51 of 3rd period - Stopped by Frederik Andersen without a rebound.
1:52 of 3rd period - Mikael Backlund wins face-off versus Alexander Kerfoot in Blackhawks zone.
1:52 of 3rd period - Mikael Backlund is hit by Alexander Kerfoot.
2:02 of 3rd period - Snap shot by Mikael Backlund.
2:02 of 3rd period - Shot Blocked by Jacob Trouba.
2:04 of 3rd period - Backhand shot by Niklas Hjalmarsson.
2:04 of 3rd period - Stopped by John Gibson without a rebound.
2:05 of 3rd period - Bo Horvat wins face-off versus Mikael Backlund in Maroons zone.
2:16 of 3rd period - Wrist shot by Matthew Tkachuk.
2:16 of 3rd period - Stopped by Frederik Andersen with a rebound.
2:18 of 3rd period - Slapshot by Jacob Trouba.
2:18 of 3rd period - Stopped by Frederik Andersen with a rebound.
3:15 of 3rd period - Slapshot by Carl Hagelin.
3:15 of 3rd period - Stopped by John Gibson without a rebound.
3:16 of 3rd period - Bo Horvat wins face-off versus Alex Steen in Maroons zone.
3:25 of 3rd period - Snap shot by Luke Kunin.
3:25 of 3rd period - Stopped by John Gibson without a rebound.
3:26 of 3rd period - Bo Horvat wins face-off versus Eric Staal in Maroons zone.
3:33 of 3rd period - Snap shot by Matthew Tkachuk.
3:33 of 3rd period - Deflect By Brendan Gallagher.
3:33 of 3rd period - Shot Blocked by Andy Greene.
3:33 of 3rd period - Puck is out of play.
3:34 of 3rd period - Eric Staal wins face-off versus Bo Horvat in Blackhawks zone.
4:25 of 3rd period - Matthew Tkachuk is hit by Eric Staal and loses puck.
4:38 of 3rd period - Slapshot by Eric Staal.
4:38 of 3rd period - Shot Blocked by Brendan Gallagher.
4:40 of 3rd period - Snap shot by Cam Atkinson.
4:40 of 3rd period - Shot Misses the Net.
4:42 of 3rd period - Slapshot by Zach Parise.
4:42 of 3rd period - Shot Misses the Net.
5:20 of 3rd period - Snap shot by Zach Parise.
5:20 of 3rd period - Shot Blocked by Brendan Gallagher.
5:22 of 3rd period - Slapshot by Derek Forbort.
5:22 of 3rd period - Shot Blocked by Esa Lindell.
5:24 of 3rd period - Snap shot by Eric Staal.
5:24 of 3rd period - Stopped by John Gibson with a rebound.
5:36 of 3rd period - Snap shot by Matthew Tkachuk.
5:36 of 3rd period - Shot Misses the Net.
6:05 of 3rd period - Off-side.
6:06 of 3rd period - Pierre-Luc Dubois wins face-off versus Mikael Backlund in neutral zone.
6:09 of 3rd period - Slapshot by Pierre-Luc Dubois.
6:09 of 3rd period - Shot Misses the Net.
6:11 of 3rd period - Snap shot by Ryan McDonagh.
6:11 of 3rd period - Shot Misses the Net.
6:13 of 3rd period - Wrist shot by Ryan McDonagh.
6:13 of 3rd period - Deflect By Nick Schmaltz.
6:13 of 3rd period - Shot Blocked by Markus Nutivaara.
6:13 of 3rd period - Puck is out of play.
6:14 of 3rd period - Mikael Backlund wins face-off versus Pierre-Luc Dubois in Blackhawks zone.
6:18 of 3rd period - Off-side.
6:19 of 3rd period - Pierre-Luc Dubois wins face-off versus Mikael Backlund in neutral zone.
6:24 of 3rd period - Tyler Bertuzzi is hit by Ryan McDonagh and loses puck.
7:15 of 3rd period - Slapshot by Alex Steen.
7:15 of 3rd period - Stopped by John Gibson with a rebound.
7:33 of 3rd period - Slapshot by Torey Krug.
7:33 of 3rd period - Shot Blocked by Gavin Bayreuther.
7:59 of 3rd period - Carl Hagelin is hit by Torey Krug and loses puck.
8:21 of 3rd period - Pierre-Luc Dubois is hit by Brett Connolly and loses puck.
8:47 of 3rd period - Mikael Backlund is hit by Nick Ritchie and loses puck.
8:56 of 3rd period - Esa Lindell is hit by Andrew Shaw and loses puck.
9:36 of 3rd period - Slapshot by Torey Krug.
9:36 of 3rd period - Shot Misses the Net.
9:44 of 3rd period - Snap shot by Mikael Backlund.
9:44 of 3rd period - Shot Misses the Net.
9:46 of 3rd period - Snap shot by Tyler Bertuzzi.
9:46 of 3rd period - Stopped by John Gibson without a rebound.
9:47 of 3rd period - Yanni Gourde wins face-off versus Alexander Kerfoot in Maroons zone.
9:58 of 3rd period - Slapshot by Yanni Gourde.
9:58 of 3rd period - Stopped by John Gibson with a rebound.
10:00 of 3rd period - Slapshot by Brandon Davidson.
10:00 of 3rd period - Stopped by John Gibson with a rebound.
10:49 of 3rd period - Off-side.
10:50 of 3rd period - Yanni Gourde wins face-off versus Bo Horvat in neutral zone.
11:12 of 3rd period - Icing by Matthew Tkachuk.
11:13 of 3rd period - Eric Staal wins face-off versus Pierre-Luc Dubois in Maroons zone.
11:18 of 3rd period - Slapshot by Zach Parise.
11:18 of 3rd period - Shot Blocked by Bryan Rust.
11:40 of 3rd period - Wrist shot by Bo Horvat.
11:40 of 3rd period - Shot Misses the Net.
11:42 of 3rd period - Slapshot by Ryan McDonagh.
11:42 of 3rd period - Stopped by Frederik Andersen with a rebound.
11:44 of 3rd period - Snap shot by Matthew Tkachuk.
11:44 of 3rd period - Shot Misses the Net.
11:46 of 3rd period - Slapshot by Ryan McDonagh.
11:46 of 3rd period - Shot Misses the Net.
11:48 of 3rd period - Snap shot by Brendan Gallagher.
11:48 of 3rd period - Shot Misses the Net.
12:03 of 3rd period - Off-side.
12:04 of 3rd period - Eric Staal wins face-off versus Pierre-Luc Dubois in neutral zone.
12:07 of 3rd period - Esa Lindell is hit by Eric Staal and loses puck.
12:21 of 3rd period - Off-side.
12:22 of 3rd period - Bo Horvat wins face-off versus Mikael Backlund in neutral zone.
13:50 of 3rd period - Tyler Bertuzzi is hit by Pontus Aberg.
13:56 of 3rd period - Slapshot by Jacob Trouba.
13:56 of 3rd period - Shot Blocked by Derek Forbort.
13:58 of 3rd period - Snap shot by Frederik Gauthier.
13:58 of 3rd period - Stopped by Frederik Andersen without a rebound.
13:59 of 3rd period - Eric Staal wins face-off versus Bo Horvat in Blackhawks zone.
14:24 of 3rd period - Brenden Dillon is hit by Mikael Backlund and loses puck.
14:37 of 3rd period - Snap shot by Tyler Bertuzzi.
14:37 of 3rd period - Shot Hit the Post.
14:57 of 3rd period - Snap shot by Alexander Kerfoot.
14:57 of 3rd period - Shot Misses the Net.
15:30 of 3rd period - Carl Hagelin is hit by Nick Ritchie and loses puck.
15:55 of 3rd period - Wrist shot by Nick Schmaltz.
15:55 of 3rd period - Stopped by Frederik Andersen with a rebound.
15:57 of 3rd period - Slapshot by Torey Krug.
15:57 of 3rd period - Shot Misses the Net.
17:03 of 3rd period - Bryan Rust is hit by Eric Staal and loses puck.
17:13 of 3rd period - Minor Penalty to Andrew Shaw for Elbowing.
17:14 of 3rd period - Bo Horvat wins face-off versus Luke Kunin in Blackhawks zone.
17:14 of 3rd period - Snap shot by Matthew Tkachuk.
17:14 of 3rd period - Stopped by Frederik Andersen without a rebound.
17:15 of 3rd period - Bo Horvat wins face-off versus Luke Kunin in Blackhawks zone.
19:13 of 3rd period - Penalty to Andrew Shaw is over, Andrew Shaw is back on ice.
19:37 of 3rd period - Maroons, John Gibson is pulled from the net.
19:37 of 3rd period - Wrist shot by Nick Schmaltz.
19:37 of 3rd period - Shot Misses the Net.
19:39 of 3rd period - Slapshot by Jacob Trouba.
19:39 of 3rd period - Shot Misses the Net.
19:43 of 3rd period - Wrist shot by Nick Schmaltz.
19:43 of 3rd period - Shot Blocked by Brandon Davidson.
19:45 of 3rd period - Slapshot by Jacob Trouba.
19:45 of 3rd period - Stopped by Frederik Andersen with a rebound.
19:47 of 3rd period - Wrist shot by Esa Lindell.
19:47 of 3rd period - Shot Misses the Net.
19:49 of 3rd period - Snap shot by Jay Beagle.
19:49 of 3rd period - Shot Misses the Net.
19:51 of 3rd period - Wrist shot by Jay Beagle.
19:51 of 3rd period - Deflect By Alexander Kerfoot.
19:51 of 3rd period - Stopped by Frederik Andersen with a rebound.
19:53 of 3rd period - Slapshot by Esa Lindell.
19:53 of 3rd period - Shot Blocked by Brandon Davidson.
19:55 of 3rd period - Snap shot by Nick Schmaltz.
19:55 of 3rd period - Stopped by Frederik Andersen without a rebound.
19:56 of 3rd period - Peter DeBoer call a timeout for Maroons.
19:56 of 3rd period - Cam Atkinson wins face-off versus Alexander Kerfoot in Blackhawks zone.
Goals for this period are 0 for Maroons vs 0 for Blackhawks.
Shots for this period are 10 for Maroons vs 8 for Blackhawks. Output by the SimonT Hockey Simulator (STHS) for Eric Tremblay - Original Page W3C HTML5 Valid
Hockey Simulator - Hockey Simulation - Hockey Manager